 Dungeon Crawl Stone Soup version 0.29-a0-275-g389c0b56f3 (webtiles) character file.

Game seed: 9950079580343316929

12608 Armakuni the Cruncher (level 12, -3/97 HPs)
             Began as a Human Wanderer on Mar 12, 2022.
             Was a Believer of Elyvilon.
             Slain by a six-headed hydra (5 damage)
             ... on level 11 of the Dungeon.
             The game lasted 00:32:35 (15018 turns).

Armakuni the Cruncher (Human Wanderer)             Turns: 15018, Time: 00:32:35

Health: -3/97      AC: 12    Str: 16    XL:     12   Next: 22%
Magic:  13/18      EV: 35    Int: 14    God:    Elyvilon [**....]
Gold:   1068       SH:  0    Dex: 13    Spells: 10/13 levels left

rFire   + . .      SeeInvis .   a - +2 quarterstaff
rCold   . . .      Faith    .   (shield currently unavailable)
rNeg    . . .      Spirit   .   o - +1 ring mail {rF+}
rPois   +          Reflect  .   k - +0 helmet
rElec   .          Harm     .   d - +1 cloak {rPois}
rCorr   .          Rampage  .   x - +0 pair of gloves
Will    .....                   g - +0 pair of boots
Stlth   +.........              A - amulet of the acrobat
HPRegen 0.26/turn               E - +4 ring of evasion
MPRegen 0.16/turn               V - +4 ring of evasion

@: acrobatic
A: deterioration 1
a: Renounce Religion, Purification, Heal Other


You were on level 11 of the Dungeon.
You worshipped Elyvilon.
Elyvilon was pleased with you.
You visited 2 branches of the dungeon, and saw 12 of its levels.

You collected 1068 gold pieces.

Inventory:

Hand Weapons
 a - a +2 quarterstaff (weapon)
 b - a +3 shortbow
Missiles
 w - 3 throwing nets
Armour
 d - a +1 cloak of poison resistance (worn)
 g - a +0 pair of boots (worn)
 i - a scarf of invisibility
 k - a +0 helmet (worn)
 o - a +1 ring mail of fire resistance (worn)
 x - a +0 pair of gloves (worn)
Magical Staves
 y - a staff of fire
Jewellery
 r - a ring of fire
 s - a ring of fire
 u - a ring of see invisible
 A - an amulet of the acrobat (around neck)
 E - a +4 ring of evasion (left hand)
 N - a ring of positive energy
 V - a +4 ring of evasion (right hand)
Wands
 v - a wand of flame (42)
Scrolls
 c - 2 scrolls of blinking
 e - a scroll of holy word
 f - 4 scrolls of identify
 l - 2 scrolls of enchant armour
 m - a scroll of noise
 n - a scroll of fear
 q - 3 scrolls of teleportation
Potions
 h - a potion of haste
 j - 5 potions of curing
 p - a potion of brilliance
 t - a potion of cancellation


   Skills:
 - Level 10.0 Fighting
 - Level 5.0(9.6) Maces & Flails
 + Level 12.7(13.0) Staves
 - Level 4.0 Armour
 - Level 4.0 Dodging
 - Level 1.0 Spellcasting
 - Level 2.0 Translocations
 + Level 8.4 Invocations


You had 10 spell levels left.
You knew the following spells:

 Your Spells              Type           Power      Damage    Failure   Level
b - Blink                 Tloc           12%        N/A       30%         2
z - Apportation           Tloc           12%        N/A       21%         1

Your spell library contained the following spells:

 Spells                   Type           Power      Damage    Failure   Level
 Corpse Rot               Necr/Air       0%         N/A       56%         2
 Ensorcelled Hibernation  Hex/Ice        0%         N/A       56%         2
 Portal Projectile        Hex/Tloc       6%         N/A       67%         3
 Ozocubu's Armour         Ice            0%         N/A       80%         3
 Spider Form              Tmut/Pois      0%         N/A       80%         3
 Anguish                  Hex/Necr       0%         N/A       99%         4
 Dispel Undead            Necr           0%         3d6       99%         4
 Manifold Assault         Tloc           6%         N/A       99%         5
 Summon Forest            Summ/Tloc      1%         N/A       100%        5
 Death Channel            Necr           0%         N/A       100%        6
 Ozocubu's Refrigeration  Ice            0%         4d5       100%        7
 Storm Form               Tmut/Air       0%         N/A       100%        7


Dungeon Overview and Level Annotations

Branches:
Dungeon (11/15)            Temple (1/1) D:7            Lair (0/6) D:10
    Orc: D:9-12

Altars:
Ashenzari
Cheibriados
Dithmenos
Elyvilon
Fedhas
Gozag
Hepliaklqana
Kikubaaqudgha
Makhleb
Nemelex Xobeh
Okawaru
Qazlal
Ru
Sif Muna
Trog
Uskayaw
Vehumet
Wu Jian
Xom
Yredelemnul
Zin
The Shining One
Beogh

Shops:
D:9 (

Annotations:
D:3 2 transporters
D:5 3 runed translucent doors, p0werm0de's ghost, novice MiFi


Innate Abilities, Weirdness & Mutations

Your body sometimes deteriorates upon taking damage.


Message History

The six-headed hydra bites you but does no damage.
The six-headed hydra closely misses you.
The six-headed hydra bites you but does no damage.
The six-headed hydra closely misses you.
Okay, then.
Okay, then.
Unknown command.
Unknown command.
The six-headed hydra completely misses you.
The six-headed hydra misses you. The six-headed hydra bites you.
* * * LOW HITPOINT WARNING * * *
The six-headed hydra completely misses you. x2
The six-headed hydra misses you.
The six-headed hydra completely misses you.
The six-headed hydra bites you.
* * * LOW HITPOINT WARNING * * *
The six-headed hydra bites you.
* * * LOW HITPOINT WARNING * * *
The six-headed hydra completely misses you. x3
The two-headed ogre hits the six-headed hydra with a +0 giant club!
The two-headed ogre hits the six-headed hydra with a +0 giant club!!
The six-headed hydra bites the two-headed ogre. x2
The six-headed hydra bites the two-headed ogre!
The six-headed hydra bites the two-headed ogre.
The six-headed hydra bites the two-headed ogre but does no damage.
The six-headed hydra bites the two-headed ogre!
The six-headed hydra bites the two-headed ogre! x3
The two-headed ogre dies!
The six-headed hydra bites you but does no damage.
The six-headed hydra completely misses you. x2
The six-headed hydra closely misses you.
The six-headed hydra completely misses you.
The six-headed hydra bites you.
* * * LOW HITPOINT WARNING * * *
The six-headed hydra misses you. The six-headed hydra bites you!
Elyvilon protects you from harm!
The six-headed hydra completely misses you.
The ogre barely misses the six-headed hydra.
The six-headed hydra bites you.
You die...

..................# #.........
.................................
.....######......................
###..# #..#########..#######..
#..# #..# #.. #.. #..# #..# ###
#.> ###..# #..# #####..
.....######..##### ........
......))......OD@# ........
.########..####### ######## .
#..# #. # #..# #. # #..# #.. #
...# #..########## .....
............. .#### ###.........
## #.........


You could see an ogre and a neutral six-headed hydra (wandering).

Vanquished Creatures
  A boulder beetle (D:11)
  4 two-headed ogres
  A centaur warrior (D:8)
  A gargoyle (D:9)
  An unseen horror (D:10)
  A troll (D:10)
  2 slime creatures (D:7)
  A hornet (D:8)
  A shadow (D:9)
  Sigmund (D:3)
  4 wraiths
  2 wyverns (D:8)
  2 humans (D:9)
  A yak (D:8)
  Eustachio (D:4)
  A steam dragon (D:8)
  Menkaure (D:5)
  An acid dragon (D:7)
  A water moccasin (D:9)
  3 orc warriors
  4 ice beasts
  2 ogres
  9 centaurs
  A phantom (D:5)
  4 kobold brigands
  Blork the orc (D:4)
  A gnoll sergeant (D:9)
  3 bullfrogs (D:8)
  2 necrophages
  3 scorpions
  5 killer bees
  2 howler monkeys
  6 jellies
  6 orc priests
  3 hounds
  2 gnoll shamans
  5 orc wizards
  Natasha (thrice) (D:3)
  4 iguanas
  2 human simulacra (D:10)
  16 gnolls
  4 adders
  A shadow imp (D:6)
  3 white imps
  An ufetubus (D:5)
  An adder skeleton (D:2)
  A dart slug (D:3)
  24 orcs
  A bat zombie (D:2)
  10 endoplasms
  2 giant cockroaches
  6 goblins
  7 hobgoblins
  33 kobolds
  3 quokkas
  5 ball pythons
  2 ball python zombies (D:2)
  5 bats
  4 frilled lizards
  A quokka skeleton (D:2)
  7 rats
236 creatures vanquished.

Vanquished Creatures (collateral kills)
  An ogre (D:2)
1 creature vanquished.

Vanquished Creatures (others)
  4 two-headed ogres (D:11)
  Lodul (D:11)
  An ogre (D:11)
  2 killer bees (D:9)
  4 fungi (D:7)
  15 plants
  6 toadstools (D:7)
  5 withered plants (D:2)
38 creatures vanquished.

Grand Total: 275 creatures vanquished

Notes
Turn   | Place    | Note
-------+----------+-------------------------------------------
     0 | D:1      | Armakuni the Human Wanderer began the quest for the Orb.
     0 | D:1      | Armakuni set off with the following items: a +0 club, a +0
                  | scale mail, a scroll of blinking, a potion of attraction;
                  | and the following spell memorised: Apportation; and the
                  | following spells available to memorise: Blink, Portal
                  | Projectile
     0 | D:1      | Reached XP level 1. HP: 19/19 MP: 2/2
   342 | D:1      | Reached skill level 1 in Maces & Flails
   388 | D:1      | Reached XP level 2. HP: 25/25 MP: 3/3
   935 | D:1      | Identified 2 scrolls of acquirement
   935 | D:1      | Acquired a +1 cloak of poison resistance
   947 | D:1      | Acquired 512 gold pieces
  1738 | D:2      | Reached XP level 3. HP: 14/30 MP: 4/4
  2594 | D:2      | Reached XP level 4. HP: 27/37 MP: 5/5
  2675 | D:3      | Noticed an ogre
  2684 | D:2      | Killed an ogre
  2685 | D:2      | Reached XP level 5. HP: 21/42 MP: 6/6
  2918 | D:3      | Learned a level 2 spell: Blink
  3282 | D:3      | Noticed Natasha
  3302 | D:3      | Killed Natasha
  3323 | D:3      | Found a transporter.
  3346 | D:3      | Noticed Natasha
  3356 | D:3      | Found a transporter.
  3421 | D:3      | Noticed Sigmund
  3430 | D:3      | Killed Sigmund
  3431 | D:3      | Reached XP level 6. HP: 31/48 MP: 7/7
  3645 | D:3      | Killed Natasha
  3646 | D:3      | Reached XP level 7. HP: 54/54 MP: 8/8
  4441 | D:3      | Noticed Natasha
  4460 | D:3      | Killed Natasha
  4796 | D:4      | Noticed Blork the orc
  4808 | D:4      | Killed Blork the orc
  4809 | D:4      | Reached skill level 5 in Fighting
  4890 | D:4      | Found a broken altar of Ashenzari.
  5054 | D:4      | Noticed Eustachio
  5094 | D:4      | Gained mutation: You have large cloven feet. [potion of
                  | mutation]
  5094 | D:4      | Gained mutation: Your body sometimes deteriorates upon
                  | taking damage. [potion of mutation]
  5094 | D:4      | Lost mutation: You have large cloven feet. [potion of
                  | mutation]
  5446 | D:4      | Killed Eustachio
  5666 | D:5      | Entered Level 5 of the Dungeon
  5694 | D:4      | Reached skill level 5 in Maces & Flails
  5694 | D:4      | Reached XP level 8. HP: 35/64 MP: 9/9
  5867 | D:5      | Noticed Menkaure
  5887 | D:5      | Killed Menkaure
  7140 | D:5      | Found a runed translucent gate.
  7141 | D:5      | Noticed p0werm0de's ghost (novice MiFi)
  7162 | D:5      | Found a runed translucent gate.
  7162 | D:5      | Identified the +2 hunting sling of the Usurping Sybil
                  | {flame, rPois Will+ Dex+4}
  7162 | D:5      | Identified the +1 chain mail "Eplim" {rElec rPois Will++
                  | Int-5 SInv}
  7164 | D:5      | Found a runed translucent gate.
  7411 | D:6      | Reached XP level 9. HP: 73/75 MP: 10/10
  8142 | D:6      | Reached skill level 10 in Fighting
  8142 | D:6      | Reached skill level 1 in Staves
  8512 | D:7      | Reached skill level 2 in Staves
  8703 | D:7      | Reached skill level 3 in Staves
  8842 | D:7      | Reached skill level 4 in Staves
  8854 | D:7      | Found a staircase to the Ecumenical Temple.
  8903 | Temple   | Entered the Ecumenical Temple
  9138 | Temple   | Became a worshipper of Elyvilon the Healer
  9239 | D:7      | Noticed a slime creature
  9239 | D:7      | Noticed a slime creature
  9252 | D:7      | Killed a slime creature
  9253 | D:7      | Reached skill level 5 in Staves
  9263 | D:7      | Killed a slime creature
  9264 | D:7      | Reached skill level 6 in Staves
  9264 | D:7      | Reached XP level 10. HP: 56/85 MP: 11/11
  9286 | D:7      | Got the Guide on the Traveller
  9766 | D:7      | Found a snail-covered altar of Cheibriados.
  9790 | D:7      | Found a radiant altar of Vehumet.
  9790 | D:7      | Found a hazy altar of Hepliaklqana.
  9790 | D:7      | Found a sacrificial altar of Ru.
  9791 | D:7      | Found a burning altar of Makhleb.
  9792 | D:7      | Found an ancient bone altar of Kikubaaqudgha.
  9795 | D:7      | Found a sparkling altar of Nemelex Xobeh.
  9900 | D:7      | Reached * piety under Elyvilon
  9987 | D:8      | Noticed a centaur warrior
 10132 | D:8      | Reached skill level 7 in Staves
 10207 | D:8      | Found a bloodstained altar of Trog.
 10337 | D:8      | Reached skill level 8 in Staves
 10881 | D:8      | Killed a centaur warrior
 10882 | D:8      | Reached skill level 9 in Staves
 11327 | D:8      | Reached skill level 10 in Staves
 11468 | D:8      | Reached ** piety under Elyvilon
 11635 | D:8      | Reached skill level 1 in Invocations
 11693 | D:9      | Reached XP level 11. HP: 90/90 MP: 12/12
 11704 | D:9      | Found Oraerem's Weapon Shop.
 12287 | D:9      | Noticed a two-headed ogre
 12298 | D:9      | Killed a two-headed ogre
 12299 | D:9      | Reached skill level 11 in Staves
 12430 | D:9      | Found an iron altar of Okawaru.
 12757 | D:10     | Entered Level 10 of the Dungeon
 12760 | D:10     | Noticed a two-headed ogre
 12806 | D:10     | Noticed a two-headed ogre
 13118 | D:9      | Killed a two-headed ogre
 13119 | D:9      | Reached skill level 5 in Invocations
 13361 | D:9      | Killed a two-headed ogre
 13624 | D:10     | Reached *** piety under Elyvilon
 14135 | D:10     | Found a staircase to the Lair.
 14531 | D:11     | Noticed Lodul
 14531 | D:11     | Noticed a two-headed ogre
 14531 | D:11     | Noticed a two-headed ogre
 14723 | D:11     | Noticed a boulder beetle
 14772 | D:11     | Killed a boulder beetle
 14773 | D:11     | Reached skill level 12 in Staves
 14977 | D:11     | Noticed a two-headed ogre
 14984 | D:11     | Noticed a two-headed ogre
 14986 | D:11     | Noticed a two-headed ogre
 14989 | D:11     | Killed Lodul
 14992 | D:11     | Pacified a two-headed ogre
 14993 | D:11     | Reached XP level 12. HP: 87/97 MP: 13/17
 14993 | D:11     | Killed a two-headed ogre
 14996 | D:11     | Killed a two-headed ogre
 14997 | D:11     | Pacified a two-headed ogre
 14998 | D:11     | Noticed a six-headed hydra
 14998 | D:11     | Killed a two-headed ogre
 15007 | D:11     | Pacified a six-headed hydra
 15010 | D:11     | Killed a two-headed ogre
 15016 | D:11     | Killed a two-headed ogre
 15017 | D:11     | HP: 2/97 [six-headed hydra (5)]
 15017 | D:11     | Elyvilon protects you from harm!
 15018 | D:11     | Slain by a six-headed hydra

Illustrated notes

Levels and vault maps discovered:
D:1:      evilmike_arrival_grusome_pit, layout_loops_ring,
          chequers_serial_rivers_micro_c, kennysheep_minor_cross
D:2:      layout_loops_ring, serial_undead, serial_undead_c, serial_undead_e,
          serial_undead_b, serial_undead_d, serial_undead_e, serial_undead_a,
          serial_bayou_pond_a, minmay_crystal_room, minmay_pentomino_v2
D:3:      gammafunk_wand_slinger, layout_basic, uniq_natasha, uniq_sigmund
D:4:      layout_loops_corners, kennysheep_little_box, uniq_eustachio,
          uniq_blork_the_orc
D:5:      layout_rooms, biasface_ghost_orc_armoury, uniq_menkaure
D:6:      layout_loops_cross, lexackson_kobold_supper
D:7:      cheibrodos_fertilizer, layout_cave_pods, minitemple,
          minmay_temple_entry_proselytizer, kennysheep_small_spiral,
          grunt_decor_mini_mirrors
D:8:      minmay_recursive_quarters, layout_gridville, trog_butcher_becter
D:9:      layout_basic, okawaru_humans, serial_shops, shop
D:10:     layout_rooms, lair_entry_dummy, minmay_misc_feat_encased,
          hangedman_decor_slide_cut, bh_circular_ruins
D:11:     layout_long_grid, ebering_ghost_reflecting_pool, uniq_lodul
Temple:   nicolae_temple_no_exploring_needed

Skill      XL: |  1  2  3  4  5  6  7  8  9 10 11 12 |
---------------+-------------------------------------+-----
Maces & Flails | 1 2 3 4 5 |  5.0
Dodging        | 2 4 |  4.0
Armour         | 4 |  4.0
Fighting       | 5 8 10 | 10.0
Staves         | 6 10 12 | 12.7
Invocations    | 1 7 8 |  8.4
Spellcasting   | |  1.0
Translocations | |  2.0

Action                   |  1- 3 |  4- 6 |  7- 9 | 10-12 || total
-------------------------+-------+-------+-------+-------++-------
Melee: Club              |    45 |       |       |       ||    45
       Whip              |   105 |    94 |   146 |       ||   345
       Punch             |     1 |     1 |     6 |       ||     8
       Mace              |       |       |    53 |       ||    53
       Flail             |       |       |   377 |    11 ||   388
       Quarterstaff      |       |       |       |   496 ||   496
 Cast: Apportation       |       |       |       |     3 ||     3
Invok: Heal Other        |       |       |       |     5 ||     5
       Heal Self         |       |       |       |     2 ||     2
Evoke: Wand              |       |       |       |     3 ||     3
  Use: Scroll            |     9 |     3 |     9 |     7 ||    28
       Potion            |     1 |     4 |    12 |     6 ||    23
 Stab: Invisible         |       |       |     5 |     5 ||    10
       Distracted        |       |       |       |     1 ||     1
Armor: Scale mail        |    19 |       |   114 |       ||   133
       Ring mail         |    57 |    18 |    47 |   113 ||   235
       Skin              |       |    10 |       |    25 ||    35
Dodge: Dodged            |    66 |    61 |   635 |   516 ||  1278

Table legend: (Time is in decaauts)
 A = Elapsed time spent in this place.
 B = Non-inter-level travel time spent in this place.
 C = Inter-level travel time spent in this place.
 D = Time resting spent in this place.
 E = Time spent auto-exploring this place.
 F = Levels seen in this place.
 G = Mean time per level.
                   A        B        C        D        E       F      G
               +--------+--------+--------+--------+--------+-----+--------+
         Total |  14956 |  14399 |    557 |   2875 |   7988 |  12 | 1246.3 |
       Dungeon |  14712 |  14163 |    549 |   2875 |   7762 |  11 | 1337.5 |
        Temple |    244 |    236 |      8 |      0 |    226 |   1 |  244.0 |
               +--------+--------+--------+--------+--------+-----+--------+

Top non-repeatable levels by time:
     D:3: 1738 daAuts
     D:7: 1694 daAuts
     D:8: 1624 daAuts
     D:1: 1528 daAuts
     D:4: 1488 daAuts
     D:9: 1375 daAuts
     D:2: 1317 daAuts
     D:5: 1183 daAuts
     D:6: 1154 daAuts
    D:10: 978 daAuts
    D:11: 626 daAuts
  Temple: 244 daAuts
